 Dungeon Crawl Stone Soup version 0.29-a0-337-g68df138881 (webtiles) character file.

Game seed: 11081561241885608537

870 avis the Skirmisher (level 8, -10/71 HPs)
             Began as a Hill Orc Monk on Apr 16, 2022.
             Mangled by Prince Ribbit (17 damage)
             ... on level 5 of the Dungeon on Apr 17, 2022.
             The game lasted 00:40:37 (7519 turns).

avis the Skirmisher (Hill Orc Monk)                 Turns: 7519, Time: 00:40:37

Health: -10/71     AC:  3    Str: 22    XL:     8   Next: 3%
Magic:  9/9        EV: 12    Int: 10    God:
Gold:   94         SH:  5    Dex: 13    Spells: 8/9 levels left

rFire   . . .      SeeInvis .   w - +7 whip "Uwulin" {freeze, rElec}
rCold   + . .      Faith    .   C - +0 buckler
rNeg    . . .      Spirit   .   a - +0 robe
rPois   +          Reflect  .   (no helmet)
rElec   +          Harm     .   (no cloak)
rCorr   .          Rampage  .   (no gloves)
Will    .....                   j - +0 pair of boots
Stlth   ++........              K - amulet of magic regeneration
HPRegen 0.21/turn               m - ring of protection from cold
MPRegen 0.51/turn               I - ring of Jurrohuf {rPois Str+6}

@: no status effects
A: no striking features
a: no special abilities


You were on level 5 of the Dungeon.
You visited 1 branch of the dungeon, and saw 6 of its levels.

You collected 334 gold pieces.
You spent 240 gold pieces at shops.

Inventory:

Hand Weapons
 b - a +0 hunting sling
 r - a +1 whip of venom
 s - a +0 whip of venom
 t - a +0 halberd
 w - the +7 whip "Uwulin" (weapon) {freeze, rElec}
   (You took it off an orc wizard on level 4 of the Dungeon)

   It freezes those it strikes, dealing additional cold damage.
   It can also slow down cold-blooded creatures.
   rElec:     It insulates you from electricity.
 y - a +1 dagger of venom
 A - a +0 spear
 B - a +0 whip of electrocution
 D - a +0 dagger of electrocution
 J - a +0 glaive
 O - a +0 shortbow
Missiles
 c - 216 stones
 i - 4 poisoned darts (quivered)
 l - 3 javelins
Armour
 a - a +0 robe (worn)
 j - a +0 pair of boots (worn)
 p - the +2 helmet of Lehios {Fly rF- Str-4 SInv}
   (You took it off Robin on level 3 of the Dungeon)

   Str:       It affects your strength (-4).
   rF:        It makes you vulnerable to fire.
   SInv:      It lets you see invisible.
   Fly:       It grants you flight.
 C - a +0 buckler (worn)
 H - a +0 chain mail
 P - a +0 kite shield
Jewellery
 m - a ring of protection from cold (left hand)
 F - a ring of protection from cold
 I - the ring of Jurrohuf (right hand) {rPois Str+6}
   (You found it on level 5 of the Dungeon)

   [ring of strength]

   Str:       It affects your strength (+6).
   rPois:     It protects you from poison.
 K - an amulet of magic regeneration (around neck)
Wands
 E - a wand of flame (6)
Scrolls
 f - 3 scrolls of enchant weapon
 h - 4 scrolls of magic mapping {unknown}
 n - a scroll of identify
 o - 5 scrolls of teleportation
 x - a scroll of fog {unknown}
 N - a scroll of torment {unknown}
 Q - a scroll of amnesia {unknown}
Potions
 d - a potion of curing
 e - 2 potions of lignification
 g - 2 potions of attraction {unknown}
 k - a potion of invisibility {unknown}
 q - a potion of brilliance {unknown}
 u - a potion of berserk rage {unknown}
 v - a potion of ambrosia
 z - 2 potions of heal wounds {unknown}
 G - a potion of degeneration {unknown}
 L - a potion of mutation {unknown}
 M - a potion of magic {unknown}
 R - a potion of might {unknown}


   Skills:
 + Level 6.9 Fighting
 - Level 1.0 Armour
 - Level 2.4 Dodging
 - Level 1.5 Stealth
 - Level 4.0 Shields
 * Level 6.9 Unarmed Combat
 - Level 1.0 Spellcasting
 + Level 1.2 Conjurations


You had 8 spell levels left.
You knew the following spells:

 Your Spells              Type           Power      Damage    Failure   Level
a - Magic Dart            Conj           12%        1d3       26%         1

Your spell library contained the following spells:

 Spells                   Type           Power      Damage    Failure   Level
 Call Imp                 Summ           0%         N/A       54%         2
 Mephitic Cloud           Conj/Pois/Air  1%         N/A       75%         3


Dungeon Overview and Level Annotations

Branches:
Dungeon (6/15)
 Temple: D:4-7

Altars:

Shops:
D:1 ?

Annotations:
D:4 Edmund
D:5 Prince Ribbit


Message History

Throw: 6 darts (poison)
Press: ? - help, Q - select action, (/) - cycle Shift-Dir - straight line, f/p - Prince Ribbit
Aim: Prince Ribbit (39% to hit)
You throw a poisoned dart.
The poisoned dart closely misses Prince Ribbit.
Throw: 5 darts (poison)
Press: ? - help, Q - select action, (/) - cycle Shift-Dir - straight line, f/p - Prince Ribbit
Aim: Prince Ribbit (39% to hit)
You throw a poisoned dart. The poisoned dart hits Prince Ribbit.
Prince Ribbit is poisoned.
An orc comes into view. It is wielding a +0 club.
Prince Ribbit hits you! Prince Ribbit hits you!
You climb upwards.
There is a stone staircase leading down here.
You miss Prince Ribbit.
Prince Ribbit is lightly wounded.
You block Prince Ribbit's attack. x2
You miss Prince Ribbit.
Prince Ribbit is lightly wounded.
Prince Ribbit hits you.
You whack Prince Ribbit!
Prince Ribbit seems to slow down.
You freeze Prince Ribbit.
Prince Ribbit is heavily wounded.
Prince Ribbit hits you!
You closely miss Prince Ribbit.
Prince Ribbit is heavily wounded.
Prince Ribbit hits you!!
* * * LOW HITPOINT WARNING * * *
Casting: Magic Dart (safe; 26% risk of failure)
Confirm with . or Enter, or press ? or * to list all spells.
Okay, then.
Okay, then.
You feel better.
Prince Ribbit looks more healthy.
Prince Ribbit hits you!
* * * LOW HITPOINT WARNING * * *
You miss Prince Ribbit.
Prince Ribbit is heavily wounded.
Prince Ribbit is no longer moving slowly.
Prince Ribbit hits you!
You die...

#.# ##...##
#####.##### #.#
##'## #..<###
####.#### #.#
#.....# #.......#
#.# #...#.#
#.#####.# ##.##
#####.# #.#
#.######...## #.#
#.# #.....#.....#
#.# #.#
#.###.##...## #.#
#.#####.#
#.....@.##########.#
#.......#
#####.#F...........#
#########
#.############## #.#
#######[# #.......#
#.#####.# #.#
#.#######
#.#####.......#


You could see Prince Ribbit.

Vanquished Creatures
  A sky beast (D:4)
  2 ogres (D:5)
  A centaur (D:5)
  Blork the orc (D:5)
  2 scorpions
  A jelly (D:5)
  4 orc wizards
  An iguana (D:4)
  Robin (D:3)
  3 gnolls (D:3)
  4 adders
  3 worms
  7 orcs
  12 endoplasms
  3 giant cockroaches
  21 goblins
  10 hobgoblins
  5 jackals
  8 kobolds
  2 quokkas
  8 ball pythons
  6 bats
  A frilled lizard (D:1)
  2 rats
109 creatures vanquished.

Vanquished Creatures (others)
  16 plants (D:2)
16 creatures vanquished.

Grand Total: 125 creatures vanquished

Notes
Turn   | Place    | Note
-------+----------+-------------------------------------------
     0 | D:1      | avis the Hill Orc Monk began the quest for the Orb.
     0 | D:1      | Reached XP level 1. HP: 19/19 MP: 1/1
   207 | D:1      | Reached XP level 2. HP: 25/27 MP: 2/2
   273 | D:1      | Found Zirchupp's Magic Scroll Emporium.
   591 | D:1      | Reached XP level 3. HP: 32/33 MP: 3/3
   995 | D:1      | Bought a scroll of identify for 24 gold pieces
  1061 | D:1      | Learned a level 1 spell: Magic Dart
  1873 | D:2      | Reached XP level 4. HP: 41/41 MP: 0/4
  2544 | D:3      | Identified the +2 helmet of Lehios {Fly rF- Str-4 SInv}
  2544 | D:3      | Noticed Robin
  2763 | D:2      | Reached skill level 1 in Spellcasting
  2972 | D:3      | Killed Robin
  3271 | D:3      | Reached XP level 5. HP: 24/47 MP: 6/6
  3601 | D:3      | Reached skill level 1 in Conjurations
  3679 | D:3      | Reached skill level 5 in Unarmed Combat
  4127 | D:3      | Found a faded altar of an unknown god.
  4458 | D:1      | Bought a scroll of blinking for 90 gold pieces
  4458 | D:1      | Bought a scroll of teleportation for 36 gold pieces
  4458 | D:1      | Bought a scroll of enchant weapon for 90 gold pieces
  4938 | D:4      | Reached skill level 5 in Fighting
  5105 | D:4      | Identified the +7 whip "Uwulin" {freeze, rElec}
  5146 | D:4      | Reached skill level 1 in Armour
  5287 | D:4      | Reached XP level 6. HP: 51/56 MP: 5/7
  5488 | D:4      | Noticed Edmund
  5816 | D:4      | Noticed a sky beast
  5834 | D:4      | Killed a sky beast
  5835 | D:4      | Reached skill level 1 in Shields
  6020 | D:5      | Entered Level 5 of the Dungeon
  6079 | D:5      | Identified the ring of Jurrohuf {rPois Str+6}
  6089 | D:5      | Noticed Blork the orc
  6111 | D:5      | Killed Blork the orc
  6112 | D:5      | Reached XP level 7. HP: 30/62 MP: 6/8
  7498 | D:6      | Noticed Prince Ribbit
  7507 | D:6      | Reached XP level 8. HP: 62/71 MP: 9/9
  7519 | D:5      | Mangled by Prince Ribbit

Illustrated notes

Levels and vault maps discovered:
D:1:      dpeg_arrival_round_b, layout_basic, serial_shops,
          nicolae_shop_hallway_plus
D:2:      layout_loops_ring, serial_bayou, serial_bayou_lagoon_a,
          serial_bayou_crossing, serial_bayou_lake_a, serial_bayou_pond_a,
          minivault_4, minmay_diced_spiral
D:3:      wander_river, layout_loops_ring,
          hellmonk_ecumenical_altar_arch_garden, minmay_goblin_outpost,
          uniq_robin
D:4:      layout_rooms, uniq_edmund
D:5:      layout_loops_corners, uniq_blork_the_orc
D:6:      layout_gridville, minmay_temple_entry_statues, kennysheep_minor_cross,
          kennysheep_generic_room_8, uniq_prince_ribbit1

Skill      XL: |  1  2  3  4  5  6  7 |
---------------+----------------------+-----
Fighting       | 4 5 6 |  6.9
Unarmed Combat | 4 5 6 |  6.9
Spellcasting   | 1 |  1.0
Conjurations   | 1 |  1.2
Armour         | 1 |  1.0
Shields        | 2 4 |  4.0
Dodging        | |  2.4
Stealth        | |  1.5

Action                   |  1- 3 |  4- 6 |  7- 9 || total
-------------------------+-------+-------+-------++-------
Melee: Unarmed           |   114 |   123 |       ||   237
       Punch             |     3 |     3 |       ||     6
       Whip              |       |    63 |    35 ||    98
 Fire: Hunting sling     |       |    27 |     6 ||    33
Throw: Stone             |    90 |     2 |       ||    92
       Dart              |       |       |    12 ||    12
 Cast: Magic Dart        |    12 |    45 |    18 ||    75
Evoke: Wand              |       |     8 |       ||     8
  Use: Scroll            |     2 |     1 |       ||     3
       Potion            |       |       |     1 ||     1
 Stab: Sleeping          |       |       |     1 ||     1
Armor: Robe              |    27 |    32 |     6 ||    65
Dodge: Dodged            |    63 |    87 |    15 ||   165
Block: Buckler           |       |       |     2 ||     2

Table legend: (Time is in decaauts)
 A = Elapsed time spent in this place.
 B = Non-inter-level travel time spent in this place.
 C = Inter-level travel time spent in this place.
 D = Time resting spent in this place.
 E = Time spent auto-exploring this place.
 F = Levels seen in this place.
 G = Mean time per level.
                   A        B        C        D        E       F      G
               +--------+--------+--------+--------+--------+-----+--------+
         Total |   7638 |   7059 |    579 |   2630 |   2639 |   6 | 1273.0 |
       Dungeon |   7638 |   7059 |    579 |   2630 |   2639 |   6 | 1273.0 |
               +--------+--------+--------+--------+--------+-----+--------+

Top non-repeatable levels by time:
     D:2: 2320 daAuts
     D:3: 1735 daAuts
     D:5: 1443 daAuts
     D:1: 1170 daAuts
     D:4: 952 daAuts
     D:6: 15 daAuts
